 Dungeon Crawl Stone Soup version 0.30-a0-585-g93115170b9 (webtiles) character file.

Game seed: 6774710035779934997

1344 OTABOTABOTAB the Destroyer (level 8, 0/48 (61) HPs)
             Began as a Deep Elf Conjurer on Jan 2, 2023.
             Slain by a hell rat (4 damage)
             ... on level 5 of the Dungeon.
             The game lasted 00:11:16 (5842 turns).

OTABOTABOTAB the Destroyer (Deep Elf Conjurer)      Turns: 5842, Time: 00:11:17

HP:   0/48 (61)     AC: 24    Str:  4    XL:     8   Next: 36%
MP:   1/21          EV:  2    Int: 26    God:
Gold: 139           SH:  0    Dex: 13    Spells: 11/22 levels left

rFire   . . .      SeeInvis .    b - staff of poison {rPois}
rCold   . . .      Faith    .    (no shield)
rNeg    . . .      Spirit   .    (body armour currently unavailable)
rPois   +          Reflect  .    (helmet currently unavailable)
rElec   .          Harm     .    (cloak currently unavailable)
rCorr   .          Rampage  .    (gloves currently unavailable)
Will    .....      NoTele   +    (boots currently unavailable)
Stlth   ++                       (no amulet)
HPRegen 0.28/turn                (no ring)
MPRegen 0.17/turn                (no ring)

@: tree-form (expiring), heavily drained, invisible
A: stationary, stasis, torment immunity, boosted hp
a: no special abilities


You were on level 5 of the Dungeon.
You were a tree.
You visited 1 branch of the dungeon, and saw 5 of its levels.

You collected 139 gold pieces.

Inventory:

Missiles
 p - 8 poisoned darts
 s - 48 stones
Armour
 a - a +0 robe (melded)
 d - a +1 helmet (melded)
   (You found it on level 4 of the Dungeon)
 e - a scarf of resistance (melded)
   (You found it on level 1 of the Dungeon)
Magical Staves
 b - a staff of poison (weapon) {rPois}
   (You found it on level 1 of the Dungeon)
Jewellery
 r - a ring of flight {+Fly, !d}
   (You found it on level 4 of the Dungeon)
 C - a ring of protection from cold {rC+, !d}
   (You found it on level 4 of the Dungeon)
Wands
 w - a wand of roots (17)
   (You found it on level 5 of the Dungeon)
 y - a wand of light (8)
   (You took it off Ijyb on level 4 of the Dungeon)
Scrolls
 g - a scroll of fear {unknown}
 h - 2 scrolls of fog
 j - 7 scrolls of identify {@r1}
 l - a scroll of immolation {unknown}
 m - a scroll of poison {unknown}
 q - a scroll of blinking {unknown}
 t - a scroll of enchant armour
 u - a scroll of enchant weapon {unknown}
 v - a scroll of amnesia {unknown}
 x - 2 scrolls of teleportation {unknown}
 z - a scroll of vulnerability {unknown}
Potions
 n - a potion of attraction {!q}
 H - a potion of haste
 J - 4 potions of curing {@q1}
 N - a potion of heal wounds {@q2}
 P - a potion of lignification {!q}


   Skills:
 - Level 2.4 Dodging
 - Level 2.4 Stealth
 + Level 7.7 Spellcasting
 * Level 9.6 Conjurations
 - Level 3.0 Hexes
 - Level 3.0 Translocations


You had 11 spell levels left.
You knew the following spells:

 Your Spells              Type           Power      Damage    Failure   Level
a - Magic Dart            Conj           100%       1d8       1%          1
b - Searing Ray           Conj           100%       2d8       1%          2
c - Fulminant Prism       Conj/Hex       21%        3d12      4%          4
x - Iskenderun's Mystic   Conj/Tloc      42%        2d10      4%          4

Your spell library contained the following spells:

 Spells                   Type           Power      Damage    Failure   Level
 Dazzling Flash           Conj/Hex       84%        N/A       1%          3
 Ensorcelled Hibernation  Hex/Ice        34%        N/A       4%          2
 Necrotise                Necr           40%        1d6       6%          1
 Passwall                 Tmut/Erth      8%         N/A       9%          2
 Swiftness                Air            10%        N/A       17%         3
 Vampiric Draining        Necr           10%        2d6       17%         3
 Agony                    Necr           10%        N/A       85%         5


Dungeon Overview and Level Annotations

Branches:
Dungeon (5/15)
 Temple: D:4-7

Altars:
Nemelex Xobeh
Okawaru

Shops:
D:4 (


Message History

Your +0 helmet glows green for a moment.
The hell rat bites you but does no damage.
As you read the scroll labelled FIB HAOBOTZU, it crumbles to dust.
The scroll dissolves into smoke.
It was a scroll of fog.
The hell rat twitches its whiskers.
The hell rat bites you but does no damage.
You hit the hell rat but do no damage.
The hell rat bites you but does no damage.
You closely miss the hell rat.
The hell rat bites you but does no damage.
You hit the hell rat but do no damage.
The hell rat bites you but does no damage.
You hit the hell rat but do no damage. The hell rat completely misses you.
You hit the hell rat but do no damage. The hell rat bites you.
You feel drained.
You take 6 damage, and have 20/52 hp.
You hit the hell rat.
The hell rat bites you but does no damage.
You hit the hell rat. The hell rat bites you!
* * * LOW HITPOINT WARNING * * *
You take 8 damage, and have 12/52 hp.
Unknown command.
Aim: a hell rat (grey smoke, severely wounded, 83% to hit)
The searing ray hits the hell rat!
You kill the hell rat!
The searing ray hits the hell rat.
You kill the hell rat! (Press . to maintain the ray.)
You now have 0/21 mp.
Unknown command.
Without enough magic to sustain it, your searing ray dissipates.
The hell rat is attracted toward you.
You feel much better.
The hell rat bites you but does no damage.
You regained 22 hp, and now have 34/55 hp.
You closely miss the hell rat.
The hell rat bites you but does no damage.
You closely miss the hell rat.
The hell rat bites you but does no damage.
You completely miss the hell rat.
You punch the hell rat, but do no damage.
The hell rat completely misses you.
You hit the hell rat but do no damage.
The hell rat bites you but does no damage.
Okay, then.
You barely miss the hell rat.
The hell rat bites you but does no damage.
You hit the hell rat but do no damage. The hell rat barely misses you.
It was a potion of invisibility.
You fade into invisibility!
You closely miss the hell rat. The hell rat bites you!
You take 7 damage, and have 29/55 hp.
You closely miss the hell rat. The hell rat barely misses you.
You hit the hell rat but do no damage.
The hell rat bites you but does no damage.
You hit the hell rat.
The hell rat bites you but does no damage.
You catch the helpless hell rat completely off-guard!
You hit the hell rat but do no damage.
The hell rat bites you but does no damage.
You hit the hell rat but do no damage.
The hell rat bites you but does no damage.
You closely miss the hell rat.
The hell rat roars deafeningly!
The hell rat bites you!
You feel drained.
* * * LOW HITPOINT WARNING * * *
You take 18 damage, and have 12/52 hp.
MASSIVE DAMAGE!!
You feel better.
Your transformation is almost over.
Your extra speed is starting to run out.
You regained 6 hp, and now have 18/52 hp.
You barely miss the hell rat.
Aim: a hell rat (unable to see you, 83% to hit)
The searing ray hits the hell rat but does no damage.
The searing ray hits the hell rat! (Press . to maintain the ray.)
You feel less attractive to monsters.
You now have 0/21 mp.
Unknown command.
You barely miss the hell rat.
The hell rat bites you but does no damage.
It was a potion of flight.
Your roots keep you in place.
The hell rat bites you.
* * * LOW HITPOINT WARNING * * *
You feel drained.
* * * LOW HITPOINT WARNING * * *
You take 4 damage, and have 14/49 hp.
You barely miss the hell rat.
The hell rat bites you but does no damage.
You barely miss the hell rat. The hell rat barely misses you.
You hit the hell rat but do no damage.
The hell rat bites you but does no damage.
You closely miss the hell rat.
You feel yourself slow down. The hell rat bites you!
* * * LOW HITPOINT WARNING * * *
You feel drained.
You die...

##.##r##...............#
#r####r##...).....##...### ##.#
##.##...)..........## ### #r##
##r#..........#...## #.# #†#
#.##.........#...#. ##.###r.#
##§#.#[.......)#... ##....#r.#
#r##..........##... #.....#r.#
##r#.>.........#... ......#r#.
#♣#.#.....#....... ......#..#r
##.###...###..##.## .....###. r
#§###.....#..##...# .....## . #
##.##.............. ......### ###
#.###............##
.....#..###.###.#................
.....#...#.#.##.#..[.....##.#....
.....####.##.#.##................
.......######.##.................


You could see 2 hell rats.

Vanquished Creatures
  Grinder (D:4)
  An ice beast (D:5)
  2 ogres
  A gnoll sergeant (D:5)
  2 scorpions
  2 howler monkeys (D:5)
  A jelly (D:5)
  A gnoll bouda (D:4)
  3 hounds
  3 iguanas
  Ijyb (D:4)
  2 hell rats (D:5)
  12 gnolls
  8 river rats
  3 adders
  An ufetubus (D:5)
  2 dart slugs
  15 orcs
  14 ball pythons
  4 bats
  4 endoplasms
  2 giant cockroaches
  15 goblins
  2 hobgoblins (D:1)
  5 kobolds
  3 quokkas
  6 frilled lizards
  5 rats
121 creatures vanquished.

Vanquished Creatures (others)
  10 fulminant prisms
10 creatures vanquished.

Grand Total: 131 creatures vanquished

Notes
Turn   | Place    | Note
-------+----------+-------------------------------------------
     0 | D:1      | OTABOTABOTAB the Deep Elf Conjurer began the quest for the
                  | Orb.
     0 | D:1      | Reached XP level 1. HP: 10/10 MP: 6/6
   400 | D:1      | Reached XP level 2. HP: 15/15 MP: 4/8
   799 | D:1      | Reached skill level 5 in Conjurations
  1257 | D:2      | Found an iron altar of Okawaru.
  1392 | D:2      | Reached XP level 3. HP: 19/19 MP: 6/10
  2109 | D:3      | Learned a level 2 spell: Searing Ray
  2424 | D:3      | Found a sparkling altar of Nemelex Xobeh.
  2619 | D:3      | Reached skill level 4 in Spellcasting
  2882 | D:4      | Reached XP level 4. HP: 24/24 MP: 4/12
  2971 | D:4      | Noticed an ogre
  2977 | D:4      | Killed an ogre
  2978 | D:4      | Reached skill level 6 in Conjurations
  2978 | D:4      | Reached XP level 5. HP: 28/28 MP: 4/14
  3214 | D:4      | Learned a level 4 spell: Fulminant Prism
  3219 | D:4      | Learned a level 4 spell: Iskenderun's Mystic Blast
  3264 | D:4      | Identified the +5 sling "Jelly's Death Toll" {drain,
                  | *Corrode rC+ Int+3}
  3330 | D:4      | You fall into a shaft and drop 1 floor!
  3330 | D:5      | Entered Level 5 of the Dungeon
  3447 | D:5      | Reached skill level 5 in Spellcasting
  3449 | D:5      | Reached skill level 1 in Hexes
  3453 | D:5      | Noticed an ice beast
  3464 | D:4      | Reached skill level 1 in Translocations
  3464 | D:4      | Reached XP level 6. HP: 18/32 MP: 2/15
  3808 | D:4      | Noticed Ijyb
  3812 | D:4      | Reached skill level 7 in Conjurations
  3813 | D:4      | Killed Ijyb
  3952 | D:4      | Reached skill level 2 in Hexes
  4332 | D:4      | Noticed Grinder
  4348 | D:4      | Paralysed by Grinder for 3 turns
  4366 | D:4      | Killed Grinder
  4367 | D:4      | Reached skill level 6 in Spellcasting
  4367 | D:4      | Reached skill level 3 in Hexes
  4367 | D:4      | Reached skill level 2 in Translocations
  4367 | D:4      | Reached XP level 7. HP: 17/36 MP: 14/18
  4623 | D:4      | Found Syjyg's Antique Weapon Shop.
  4780 | D:5      | Reached skill level 8 in Conjurations
  4780 | D:5      | Reached skill level 3 in Translocations
  5052 | D:5      | Reached XP level 8. HP: 41/41 MP: 14/20
  5101 | D:5      | Reached skill level 7 in Spellcasting
  5112 | D:5      | Reached skill level 9 in Conjurations
  5798 | D:5      | HP: 4/39 [hell rat (10)]
  5816 | D:5      | HP: 12/52 [hell rat (9)]
  5833 | D:5      | HP: 12/52 [hell rat (5)]
  5842 | D:5      | HP: 4/49 [hell rat (11)]
  5842 | D:5      | Slain by a hell rat

Illustrated notes

Levels and vault maps discovered:
D:1:      minmay_arrival_jagged, layout_loops_corners
D:2:      layout_loops_corners, basic_altar
D:3:      layout_loops_cross, nemelex_dance_club_becter
D:4:      kennysheep_the_goblin_king, layout_loops_corners, serial_shops,
          kennysheep_mini_moat, minivault_27, minmay_vboxes, uniq_grinder
D:5:      wander_guarded_unrand_ratskin, layout_cave_pools,
          kennysheep_generic_room_7

Skill      XL: |  1  2  3  4  5  6  7  8 |
---------------+-------------------------+-----
Conjurations   | 5 6 7 8 9 |  9.6
Spellcasting   | 4 5 6 7 |  7.7
Hexes          | 1 3 |  3.0
Translocations | 1 2 3 |  3.0
Dodging        | |  2.4
Stealth        | |  2.4

Action                   |  1- 3 |  4- 6 |  7- 9 || total
-------------------------+-------+-------+-------++-------
Melee: Staff             |     6 |     8 |    28 ||    42
       Punch             |       |       |     1 ||     1
 Cast: Magic Dart        |    63 |    34 |    49 ||   146
       Searing Ray       |     2 |    16 |    20 ||    38
       Fulminant Prism   |       |     5 |     5 ||    10
       Iskenderun's Myst |       |       |     9 ||     9
  Use: Potion            |       |     1 |     9 ||    10
       Scroll            |       |       |     3 ||     3
 Stab: Invisible         |       |       |     1 ||     1
Armor: Robe              |     1 |     5 |     4 ||    10
       Skin              |       |       |    22 ||    22
Dodge: Dodged            |     5 |    14 |    24 ||    43

Table legend: (Time is in decaauts)
 A = Elapsed time spent in this place.
 B = Non-inter-level travel time spent in this place.
 C = Inter-level travel time spent in this place.
 D = Time resting spent in this place.
 E = Time spent auto-exploring this place.
 F = Levels seen in this place.
 G = Mean time per level.
                   A        B        C        D        E       F      G
               +--------+--------+--------+--------+--------+-----+--------+
         Total |   5837 |   5732 |    105 |    669 |   4406 |   5 | 1167.4 |
       Dungeon |   5837 |   5732 |    105 |    669 |   4406 |   5 | 1167.4 |
               +--------+--------+--------+--------+--------+-----+--------+

Top non-repeatable levels by time:
     D:4: 2200 daAuts
     D:1: 1105 daAuts
     D:2: 984 daAuts
     D:5: 793 daAuts
     D:3: 753 daAuts

Table legend:
 A = Kills in this place as a percentage of kills in entire the game.
 B = Kills by you in this place as a percentage of kills by you in the entire game.
 C = Kills by friends in this place as a percentage of kills by friends in the entire game.
 D = Other kills in this place as a percentage of other kills in the entire game.
 E = Experience gained in this place as a percentage of experience gained in the entire game.
 F = Experience gained in this place divided by the number of levels of this place that you have seen.
                   A       B       C       D       E      F
               +-------+-------+-------+-------+-------+----------------------
         Total | 100.0 | 100.0 |   N/A |   N/A | 100.0 | 384.0
       Dungeon | 100.0 | 100.0 |   N/A |   N/A | 100.0 | 384.0
               +-------+-------+-------+-------+-------+----------------------
